Match 46019022
Unlisted

Match 46019022
End
Kettenkrad Recon Vehicle
Construct Infanterie Kompanie
Selects Luftwaffe Battlegroup
Selects Luftwaffe Pioneer Support
MG 42 Machine Gun Team
GrW 34 Mortar Team
Selects Luftwaffe Pioneer Support
Fallschirmpioneer Squad Paradrop
Fallschirmpioneer Squad Paradrop
Construct Panzergrenadier Kompanie
Selects Reconnaissance Run
Selects Fallschirmjäger Squad Paradrop
251 Medium Carrier
Support Elements
Nebelwerfer 42 Rocket Launcher Team
Pak 40 Anti-tank Gun Team
Reconnaissance Run
Construct Panzer Kompanie
Selects Stuka Loiter
Selects Flak 38 Anti-Air Emplacement
Stuka Loiter
251 Medium Carrier
Sgt wiggumZ
Koldit
frooooodoooooooo
12345+5
可叹落叶飘零
TiGER01
0
0

Comments sign in to comment!

No comments posted yet!